 Dungeon Sprint DCSS version 0.18.1-50-g88ac8fd (webtiles) character file.

945 Kagutsuchi the Carver (level 7, -2/73 HPs)
             Began as a Black Draconian Berserker on Oct 20, 2016.
             Was a Priest of Trog.
             Slain by a neqoxec (5 damage)
             ... in the Dungeon (Sprint II: "The Violet Keep of Menkaure").
             The game lasted 00:07:26 (289 turns).

Kagutsuchi the Carver (Black Draconian Berserker)    Turns: 289, Time: 00:07:26

Health: -2/73      AC:  6    Str: 18    XL:     7   Next: 89%
Magic:  6/6        EV: 17    Int: -1 (5) God:    Trog [***...]
Gold:   641        SH:  0    Dex: 12    Spells: 0 memorised, 6 levels left

rFire  . . .     SeeInvis .     a - +0 falchion
rCold  . . .     Gourm    .     (armour unavailable)
rNeg   . . .     Faith    .     (no shield)
rPois  .         Spirit   .     (helmet restricted)
rElec  +         Dismiss  .     (no cloak)
rCorr  .         Reflect  .     (no gloves)
SustAt .         Harm     .     (no boots)
MR     .....     NoTele   +     (no amulet)
Stlth  +.........               (no ring)
                                (no ring)

@: very slightly contaminated, slowed, lost intelligence, very slow, not
resistant to hostile enchantments, very unstealthy
A: breathe lightning, unfitting armour, blurry vision 1, dopey 1, low mp 1,
electricity resistance, weak 1, cold-blooded, AC +6
a: Breathe Lightning, Berserk, Trog's Hand, Burn Spellbooks, Renounce Religion


You were in the Dungeon.
You worshipped Trog.
Trog was most pleased with you.
You were not hungry.

You visited 1 branch You collected 729 gold pieces.
You spent 88 gold pieces at shops.

Inventory:

Hand Weapons
 a - a +0 falchion (weapon)
Potions
 c - a potion of invisibility
 e - a potion of haste
 f - 2 potions of magic
 g - a potion of berserk rage
Comestibles
 b - a bread ration


   Skills:
 + Level 10.3 Fighting
 + Level 10.4 Long Blades
 + Level 10.4 Dodging


You had 6 spell levels left.
You didn't know any spells.

Dungeon Overview and Level Annotations

Branches:
Dungeon (1/1)

Altars:

Shops:
D :=%![=}?::[[[(*!

Annotations:
D exclusion: oklob plant, Roxanne


Innate Abilities, Weirdness & Mutations

You can breathe wild blasts of lightning.
Your glossy black scales are hard (AC +6).
Your body does not fit into most forms of armour.
You are resistant to electric shocks.
You are cold-blooded and may be slowed by cold attacks.
Scrolls take you a little longer to read.
You are dopey. (Int -2)
Your magical capacity is low (-10% MP).
You are weak. (Str -2)


Message History

The shadow imp misses you. The neqoxec gestures at you.
Something tries to feed on your intellect!
There is an entrance to Roadaczo's Antique Armour Boutique here.
The neqoxec gestures at you.
Something tries to feed on your intellect!
The crimson imp completely misses you.
There is an entrance to Yciunux's Book Shop here.
The neqoxec gestures at you.
You feel dopey.
You have lost your intelligence.
Something feeds on your intellect! The neqoxec hits you.
* * * LOW HITPOINT WARNING * * *
The shadow imp hits you but does no damage.
The crimson imp blinks!
You can move again.
You hit the shadow imp.
The shadow imp is moderately wounded.
The neqoxec hits you.
You die...

§≈≈ ############≈≈#+
+#+++ ###########≈≈≈...
...
##.5..∩.∩.#≈≈≈≈.##'##
##...∩.∩..#≈≈≈≈##.#.##
##..∩.∩...#≈≈≈≈#..#..#
##.⌠.∩....#≈≈####...###
##..∩.∩...#≈##.###÷###.
##...∩@5..#≈#...##.##..
##....§3∩.'≈'.#.).<3'†#
##.....∩.∩#≈#...##.####
#▓▓▓▓▓▓▓###≈##.###'#
##Yhh######≈≈### ##.#
#?YY# ##≈≈≈# #3# #∩P?+
+#≈# ## #!.. ≈≈# #$.$
≈≈


You could see 2 hell hogs, an oklob plant, 3 yaks, a neqoxec, a crimson imp and
a shadow imp.

Vanquished Creatures
  A siren (D)
  A neqoxec (D)
  Menkaure (D)
  4 necrophages (D)
  2 worms (D)
9 creatures vanquished.

Vanquished Creatures (others)
  A crocodile (D)
1 creature vanquished.

Grand Total: 10 creatures vanquished

Notes
Turn   | Place    | Note
--------------------------------------------------------------
     0 | D        | Kagutsuchi the Draconian Berserker began the quest for the Orb.
     0 | D        | Reached XP level 1. HP: 19/19 MP: 1/1
     1 | D        | Noticed a necrophage
     1 | D        | Noticed a necrophage
     1 | D        | Noticed a necrophage
     1 | D        | Noticed a necrophage
    12 | D        | Killed a necrophage
    12 | D        | Reached skill level 5 in Long Blades
    12 | D        | Reached skill level 5 in Dodging
    12 | D        | Reached XP level 2. HP: 28/29 MP: 2/2
    12 | D        | Reached XP level 3. HP: 35/36 MP: 3/3
    12 | D        | Reached XP level 4. HP: 42/43 MP: 4/4
    26 | D        | Killed a necrophage
    26 | D        | Reached XP level 5. HP: 31/49 MP: 5/5
    38 | D        | Killed a necrophage
    43 | D        | Killed a necrophage
    43 | D        | Reached XP level 6. HP: 16/56 MP: 6/6
    64 | D        | Noticed Roxanne
    69 | D        | Noticed Menkaure
    81 | D        | Killed Menkaure
   121 | D        | Reached ** piety under Trog
   179 | D        | Noticed a siren
   199 | D        | Killed a siren
   199 | D        | Reached skill level 10 in Fighting
   199 | D        | Reached skill level 10 in Long Blades
   199 | D        | Reached skill level 10 in Dodging
   199 | D        | Your scales start taking on a glossy black colour.
   199 | D        | Reached XP level 7. HP: 36/72 MP: 7/7
   199 | D        | Gained mutation: You are resistant to electric shocks. [Black Draconian growth]
   208 | D        | Found Oposear's Distillery.
   208 | D        | Found Roadaczo's Antique Armour Boutique.
   208 | D        | Found Ollellat's Antique Armour Shop.
   208 | D        | Found Curos's Book Boutique.
   208 | D        | Found Deroapha's Magic Scroll Shop.
   208 | D        | Found Orawut's Antique Armour Shop.
   208 | D        | Found Pexzac's Gadget Boutique.
   209 | D        | Found Uleg's Jewellery Boutique.
   209 | D        | Found Faenuh's Armour Shop.
   209 | D        | Found Gavuk's Distillery.
   209 | D        | Found Yfujeisewk's Antique Weapon Shop.
   210 | D        | Found Poclomot's Food Shop.
   210 | D        | Found Orawut's Jewellery Boutique.
   210 | D        | Noticed a hell hog
   211 | D        | Found Ogieg's General Store.
   211 | D        | Found Yciunux's Book Shop.
   212 | D        | Noticed a hell hog
   212 | D        | Noticed an oklob plant
   215 | D        | Found Veyfygg's Book Shoppe.
   216 | D        | Noticed a yak
   216 | D        | Noticed a yak
   217 | D        | Bought a potion of invisibility for 88 gold pieces
   230 | D        | Noticed a neqoxec
   230 | D        | Gained mutation: Scrolls take you a little longer to read. [a neqoxec]
   232 | D        | Noticed a neqoxec
   245 | D        | Killed a neqoxec
   245 | D        | Reached *** piety under Trog
   252 | D        | Gained mutation: Your magical capacity is low (-10% MP). [a neqoxec]
   254 | D        | Gained mutation: You are weak. (Str -2) [a neqoxec]
   259 | D        | Gained mutation: You are dopey. (Int -2) [a neqoxec]
   261 | D        | Noticed a neqoxec
   272 | D        | Noticed a yak
   287 | D        | Lost intelligence.
   288 | D        | HP: 3/73 [neqoxec (4)]
   289 | D        | Slain by a neqoxec

Skill      XL: |  1  2  3  4  5  6 |
---------------+-------------------+-----
Fighting       | 6 7 8 10 | 10.3
Long Blades    | 5 6 8 10 | 10.4
Dodging        | 5 6 8 10 | 10.4

Action                   |  1- 3 |  4- 6 |  7- 9 || total
-------------------------+-------+-------+-------++-------
Melee: Falchion          |     9 |    64 |    27 ||   100
       Tailslap          |     1 |     5 |     6 ||    12
  Use: Potion            |       |     2 |       ||     2
       Scroll            |       |       |     1 ||     1
Armor: Skin              |     1 |     1 |    17 ||    19
Dodge: Dodged            |     7 |    24 |    36 ||    67
